 Dungeon Crawl Stone Soup version 0.27-a0-1290-g15d3ce7508 (webtiles) character file.

Game seed: 9951342832970489727

20114 27snakeeyes612 the Blocker (level 12, -5/67 HPs)
             Began as a Vine Stalker Fighter on June 15, 2021.
             Was a High Priest of Okawaru.
             Slain by a meliai (7 damage)
             ... on level 15 of the Dungeon.
             The game lasted 00:16:02 (12357 turns).

27snakeeyes612 the Blocker (Vine Stalker Fighter)  Turns: 12357, Time: 00:16:02

Health: -5/67      AC: 14    Str: 23    XL:     12   Next: 76%
Magic:  0/16       EV: 11    Int:  8    God:    Okawaru [*****.]
Gold:   829        SH: 13    Dex: 15    Spells: 11/11 levels left

rFire    + . .     SeeInvis .   l - +6 morningstar "Ucwuoh" {flame, +Blink rPois rC+ rN+}
rCold    + + .     Faith    .   c - +1 kite shield
rNeg     + . .     Spirit   +   K - +0 chain mail
rPois    +         Reflect  .   P - +2 hat {Will+}
rElec    .         Harm     .   (no cloak)
rCorr    .         Rampage  .   a - +0 pair of gloves
Will     ++...                  (no boots)
Stlth    ..........             (no amulet)
HPRegen  1.21/turn              L - ring "Jeungink" {rF+ rC+}
MPRegen  0.15/turn              C - +4 ring of evasion

@: about to teleport
A: fangs 3, regeneration 1, magic shield, antimagic bite, no potion heal 2
a: Renounce Religion, Evoke Blink, Heroism, Finesse


You were on level 15 of the Dungeon.
You worshipped Okawaru.
Okawaru was extremely pleased with you.
You visited 2 branches of the dungeon, and saw 14 of its levels.
You visited 1 bazaar.
You also visited: Bailey.

You collected 829 gold pieces.

Inventory:

Hand Weapons
 l - the +6 morningstar "Ucwuoh" (weapon) {flame, +Blink rPois rC+ rN+}
   (You acquired it on level 7 of the Dungeon)

   It has been specially enchanted to burn those struck by it, causing extra
   injury to most foes and up to half again as much damage against particularly
   susceptible opponents.
   It protects you from cold.
   It protects you from poison.
   It protects you from negative energy.
   It lets you blink.
Missiles
 w - 39 poisoned darts (quivered)
 I - 2 curare-tipped darts
Armour
 a - a +0 pair of gloves (worn)
 b - a +0 scale mail
 c - a +1 kite shield (worn)
 q - a +2 helmet
 K - a +0 chain mail (worn)
 P - a +2 hat of willpower (worn)
Jewellery
 n - a ring of willpower
 C - a +4 ring of evasion (right hand)
 D - a ring of wizardry
 L - the ring "Jeungink" (left hand) {rF+ rC+}
   (You found it on level 10 of the Dungeon)

   [ring of protection from cold]

   It protects you from fire.
   It protects you from cold.
 M - a ring of fire
 N - the ring of Tapef {EV+4 Str+3}
   (You took it off an orc wizard on level 10 of the Dungeon)

   [ring of evasion]

   It affects your evasion (+4).
   It affects your strength (+3).
Wands
 i - a wand of iceblast (17)
 J - a wand of polymorph (17)
 Q - a wand of acid (4)
 R - a wand of digging (2)
Scrolls
 f - a scroll of enchant weapon
 g - a scroll of vulnerability {unknown}
 j - 2 scrolls of enchant armour
 k - a scroll of silence
 p - a scroll of fog
 r - a scroll of teleportation
 t - 2 scrolls of immolation
 v - a scroll of amnesia {unknown}
 x - 3 scrolls of noise
 y - 3 scrolls of holy word {unknown}
 G - 2 scrolls of brand weapon {unknown}
 H - 3 scrolls of identify
Potions
 d - 2 potions of might
 e - 3 potions of ambrosia
 h - 7 potions of curing
 m - 3 potions of attraction
 o - 7 potions of degeneration
 s - 2 potions of mutation {unknown}
 z - a potion of cancellation {unknown}
 A - 4 potions of flight {unknown}
 B - 2 potions of berserk rage {unknown}
 E - a potion of lignification {unknown}
 F - a potion of haste {unknown}
 O - a potion of heal wounds {unknown}
 S - a potion of brilliance {unknown}


   Skills:
 + Level 9.7 Fighting
 + Level 9.7 Maces & Flails
 + Level 9.0 Armour
 - Level 0.4 Dodging
 - Level 0.5 Stealth
 + Level 9.8 Shields
 + Level 4.1 Invocations


You had 11 spell levels left.
You didn't know any spells.
Your spell library contained the following spells:

 Spells                   Type           Power      Damage    Failure   Level
 Beastly Appendage        Tmut           0%         N/A       99%         1
 Corona                   Hex            0%         N/A       99%         1
 Foxfire                  Conj/Fire      0%         2x1d4     99%         1
 Sting                    Tmut/Pois      0%         1d3       99%         1
 Passwall                 Tmut/Erth      0%         N/A       100%        2
 Slow                     Hex            0%         N/A       100%        2
 Wereblood                Tmut           0%         N/A       100%        2
 Conjure Flame            Conj/Fire      0%         6-21      100%        3
 Ignite Poison            Fire/Tmut/Pois 0%         N/A       100%        3
 Inner Flame              Hex/Fire       0%         N/A       100%        3
 Portal Projectile        Hex/Tloc       0%         N/A       100%        3
 Spider Form              Tmut/Pois      0%         N/A       100%        3
 Swiftness                Air            0%         N/A       100%        3
 Cause Fear               Hex            0%         N/A       100%        4
 Ice Form                 Ice/Tmut       0%         N/A       100%        4
 Leda's Liquefaction      Hex/Erth       0%         N/A       100%        4
 Passage of Golubria      Tloc           N/A        N/A       100%        4
 Sticky Flame             Conj/Fire      0%         2d3       100%        4
 Fireball                 Conj/Fire      0%         3d3       100%        5
 Lee's Rapid Deconstruct  Erth           0%         3d5*      100%        5
 Summon Mana Viper        Hex/Summ       0%         N/A       100%        5
 Invisibility             Hex            0%         N/A       100%        6
 Starburst                Conj/Fire      0%         8x6d3     100%        6
 Storm Form               Tmut/Air       0%         N/A       100%        7
 Ignition                 Fire           0%         3d3       100%        8


Dungeon Overview and Level Annotations

Branches:
Dungeon (12/15)            Temple (1/1) D:6            Lair (0/6) D:8
    Orc (0/2) D:9          Bailey (visited)

Altars:
Ashenzari
Cheibriados
Dithmenos
Elyvilon
Gozag
Hepliaklqana
Kikubaaqudgha
Makhleb
Nemelex Xobeh
Okawaru
Ru
Sif Muna
Vehumet
Xom
Zin

Shops:
D:2 (   D:3 (*=   D:11 [   D:15 =


Innate Abilities, Weirdness & Mutations

You have razor-sharp teeth.
Your natural rate of healing is unusually fast.
When hurt, damage is shared between your health and your magic reserves.
Your bite disrupts and absorbs the magic of your enemies.
Potions cannot restore your health.


Message History

You drain its power.
The cyan ugly thing is lightly wounded.
The cyan ugly thing trunk-slaps you but does no damage.
A basilisk comes into view.
The basilisk hisses angrily.
The basilisk moves out of view.
The basilisk gazes at you. You resist with almost no effort.
The cyan ugly thing trunk-slaps you. The cyan ugly thing shocks you!
The cyan ugly thing basks in the mutagenic energy from its kin and changes!
Okay, then.
The cyan ugly thing basks in the mutagenic energy from its kin and changes!
A meliai comes into view. It is wielding a +0 war axe.
The meliai buzzes angrily.
A cyclops comes into view.
The cyan ugly thing trunk-slaps you! The cyan ugly thing shocks you!
The cyclops shouts!
You hear an angry buzzing noise.
A meliai comes into view. It is wielding a +0 hand axe.
As you read the scroll of teleportation, it crumbles to dust.
You feel strangely unstable. You block the meliai's attack.
The meliai barely misses you. You block the cyan ugly thing's attack.
The meliai invokes the aid of its god against you.
Something smites you!
A meliai comes into view. It is wielding a +0 war axe.
You sock the cyan ugly thing! You burn the cyan ugly thing.
The cyan ugly thing is moderately wounded.
The meliai hits you with a +0 war axe! You block the meliai's attack.
The meliai mumbles some strange prayers to its god against you.
Something smites you!
* * * LOW HITPOINT WARNING * * *
The meliai hits you but does no damage.
The meliai stings you but does no damage.
The cyan ugly thing barely misses you.
The meliai invokes the aid of its god against you.
Something smites you!
* * * LOW HITPOINT WARNING * * *
You hear a shout! x2
Okay, then.
The meliai hits you with a +0 war axe!
You die...

......# ......# ......#
......# ......# ....
#.##########
####u......u.u#####.#.##
#....#######..lu@yy.C..#
⌠.#### #..#####.#.y.
..####### #..# ⌠u.......
..... .##.#.u.........
....# .......#.# .#..#
.#...#.#.# .#..#
#.#.#.#.# .# .#


You could see 3 ugly things, a cyclops, a basilisk and 3 meliai.

Vanquished Creatures
  3 boulder beetles
  2 centaur warriors (D:10)
  3 death yaks
  A two-headed ogre (D:12)
  Sonja (D:10)
  A deep elf pyromancer (D:10)
  3 cyclopes
  3 ugly things
  Maggie (D:6)
  A gargoyle (D:12)
  An unseen horror (D:12)
  A komodo dragon (D:10)
  An efreet (D:10)
  A merfolk (shapeshifter) (D:10)
  2 trolls
  2 wraiths
  A wyvern (D:10)
  3 shadows
  10 yaks
  A basilisk (D:12)
  3 vampire mosquitoes
  2 steam dragons
  3 acid dragons
  Duvessa (D:5)
  4 water moccasins
  7 orc warriors
  A swamp drake (D:9)
  4 ice beasts
  A sky beast (D:8)
  A black bear (D:5)
  7 ogres
  5 centaurs
  A phantom (D:4)
  A kobold brigand (D:4)
  Blork the orc (D:5)
  2 wyvern zombies
  2 bullfrogs
  A gnoll sergeant (D:8)
  3 scorpions
  Dowan (D:5)
  A water moccasin zombie (D:5)
  3 killer bees (D:9)
  7 howler monkeys
  3 wights (D:8)
  3 centaur zombies
  A hound (D:5)
  3 jellies
  4 orc priests
  A bullfrog skeleton (D:6)
  2 hell rats (D:8)
  13 orc wizards
  Natasha (twice) (D:4)
  A killer bee zombie (D:9)
  2 howler monkey zombies
  4 gnolls (D:8)
  5 adders
  2 shadow imps (D:6)
  4 white imps
  3 adder skeletons
  A worm (D:5)
  3 dart slugs
  29 orcs
  4 ball pythons
  11 endoplasms
  2 giant cockroaches
  14 goblins
  11 hobgoblins
  2 iguanas
  9 jackals
  2 quokkas
  6 bats
  4 frilled lizards
  6 kobolds
  4 rats
265 creatures vanquished.

Vanquished Creatures (others)
  An orc priest (D:9)
  A white imp (D:7)
  3 orcs
  3 plants (D:4)
8 creatures vanquished.

Grand Total: 273 creatures vanquished

Notes
Turn   | Place    | Note
-------+----------+-------------------------------------------
     0 | D:1      | 27snakeeyes612 the Vine Stalker Fighter began the quest for
                  | the Orb.
     0 | D:1      | Reached XP level 1. HP: 11/11 MP: 2/2
   293 | D:1      | Reached XP level 2. HP: 16/16 MP: 1/3
   930 | D:2      | Reached XP level 3. HP: 19/19 MP: 4/4
  1139 | D:2      | Found Tybb's Antique Weapon Shoppe.
  1310 | D:2      | Found a broken altar of Ashenzari.
  1753 | D:2      | Gained mutation: Your natural rate of healing is unusually
                  | fast. [Vine Stalker growth]
  1753 | D:2      | Reached XP level 4. HP: 9/24 MP: 3/5
  2017 | D:2      | You fall into a shaft and drop 1 floor!
  2030 | D:3      | Found Ykhlev's General Store.
  2348 | D:3      | Found a glowing silver altar of Zin.
  2565 | D:3      | Found Soyka's Jewellery Shop.
  2774 | D:3      | Found Duesuz's Antique Weapon Shop.
  3089 | D:3      | Reached XP level 5. HP: 28/28 MP: 6/6
  3328 | D:4      | Noticed a kobold brigand
  3352 | D:4      | Reached XP level 6. HP: 32/32 MP: 5/7
  3590 | D:4      | Found a shimmering altar of Xom.
  3630 | D:4      | Noticed Natasha
  3639 | D:4      | Killed Natasha
  3640 | D:4      | Reached XP level 7. HP: 37/37 MP: 8/8
  3922 | D:4      | Noticed Natasha
  3930 | D:4      | Killed Natasha
  4002 | D:5      | Entered Level 5 of the Dungeon
  4300 | D:5      | Gained mutation: You have razor-sharp teeth. [Vine Stalker
                  | growth]
  4300 | D:5      | Reached XP level 8. HP: 33/42 MP: 9/9
  4371 | D:5      | Noticed Blork the orc
  4385 | D:5      | Killed Blork the orc
  4472 | D:5      | Noticed Duvessa
  4472 | D:5      | Noticed Dowan
  4500 | D:5      | Killed Duvessa
  4514 | D:5      | Reached skill level 5 in Maces & Flails
  4514 | D:5      | Reached skill level 5 in Shields
  4523 | D:5      | Reached skill level 5 in Fighting
  4613 | D:5      | Killed Dowan
  4784 | D:5      | Found a sacrificial altar of Ru.
  4785 | D:5      | Found a hazy altar of Hepliaklqana.
  4786 | D:5      | Found a shimmering blue altar of Sif Muna.
  4902 | D:6      | Reached skill level 5 in Armour
  4998 | D:6      | Reached XP level 9. HP: 29/47 MP: 5/10
  5411 | D:6      | Noticed Maggie
  5576 | D:6      | Killed Maggie
  5631 | D:6      | Found a staircase to the Ecumenical Temple.
  5648 | Temple   | Entered the Ecumenical Temple
  5663 | Temple   | Became a worshipper of Warmaster Okawaru
  6522 | D:7      | Reached * piety under Okawaru
  6555 | D:7      | Reached XP level 10. HP: 36/53 MP: 11/11
  6587 | D:7      | Noticed a boulder beetle
  6684 | D:8      | Noticed a death yak
  6847 | D:8      | Killed a death yak
  6931 | D:8      | Noticed a death yak
  6933 | D:8      | Noticed a death yak
  7214 | D:7      | Identified a scroll of acquirement
  7214 | D:7      | Acquired the +6 morningstar "Ucwuoh" {flame, +Blink rPois
                  | rC+ rN+}
  7234 | D:7      | Identified Sif Muna's Handbook of Bewitchment and
                  | Transformation
  7324 | D:8      | Found a broken altar of Ashenzari.
  7394 | D:7      | Killed a death yak
  7394 | D:7      | Reached ** piety under Okawaru
  7444 | D:7      | Killed a boulder beetle
  7476 | D:7      | Killed a death yak
  7476 | D:7      | Reached *** piety under Okawaru
  7828 | D:8      | Reached XP level 11. HP: 59/60 MP: 12/12
  7873 | D:8      | Found a staircase to the Lair.
  8366 | D:9      | Identified the +1 scale mail "Meisich" {+Blink +Inv Fly
                  | rCorr}
  8758 | D:9      | Found a staircase to the Orcish Mines.
  9043 | D:9      | Found a burning altar of Makhleb.
  9194 | D:10     | Entered Level 10 of the Dungeon
  9205 | D:10     | Noticed Sonja
  9219 | D:10     | Killed Sonja
  9219 | D:10     | Reached **** piety under Okawaru
  9440 | D:10     | Identified the ring "Jeungink" {rF+ rC+}
  9507 | D:10     | Found an ancient bone altar of Kikubaaqudgha.
  9766 | D:10     | Identified the ring of Tapef {EV+4 Str+3}
  9812 | D:10     | Reached ***** piety under Okawaru
  9974 | D:10     | Noticed a centaur warrior
  9976 | D:10     | Noticed a centaur warrior
  9977 | D:10     | Noticed a boulder beetle
  9978 | D:10     | Noticed a deep elf pyromancer
 10081 | D:10     | Received a gift from Okawaru
 10320 | D:10     | Killed a boulder beetle
 10346 | D:10     | Noticed a red ugly thing
 10361 | D:10     | Killed a red ugly thing
 10388 | D:10     | Killed a centaur warrior
 10388 | D:10     | Noticed a sea snake
 10389 | D:10     | Reached skill level 1 in Invocations
 10389 | D:10     | Reached XP level 12. HP: 24/66 MP: 6/14
 10495 | D:10     | Killed a centaur warrior
 10909 | D:11     | Noticed a boulder beetle
 10933 | D:11     | Killed a boulder beetle
 11166 | D:11     | Found Nurosene's Armour Shoppe.
 11458 | D:12     | Found a flagged portal.
 11484 | Bailey   | Entered a bailey
 11757 | D:12     | Identified the +5 longbow of the Yoke {flame, Fragile Str+2
                  | Dex+5} (Okawaru gifted it to you on level 12 of the
                  | Dungeon)
 11757 | D:12     | Received a gift from Okawaru
 11823 | D:12     | Noticed a two-headed ogre
 11830 | D:12     | Killed a two-headed ogre
 12096 | D:12     | You fall into a shaft and drop 3 floors!
 12096 | D:15     | Entered Level 15 of the Dungeon
 12161 | D:15     | Found a flickering gateway to a bazaar.
 12166 | Bazaar   | Entered a bazaar
 12186 | Bazaar   | Found Osasapt's Book Shop.
 12206 | Bazaar   | Found Saoj's Book Shop.
 12330 | D:15     | Found Yshecink's Jewellery Boutique.
 12356 | D:15     | HP: 1/67 [meliai/divine providence (10)]
 12357 | D:15     | Slain by a meliai

Illustrated notes

Levels and vault maps discovered:
D:1:      dpeg_arrival_pond, layout_basic, minmay_misc_feat_iff
D:2:      minmay_chambers_of_twos, layout_loops_corners, serial_shops, shop,
          basic_altar
D:3:      layout_loops_ring, zin_academy, serial_shops, shop,
          nicolae_shop_crystal, nicolae_shop_behind_doors, bh_walls_and_bars
D:4:      layout_loops_ring, dk_xom_monty_hall, serial_bayou_lagoon_b,
          uniq_natasha
D:5:      layout_loops_ring, chequers_temple_overflow_statue_of_worship,
          uniq_blork_the_orc, uniq_duvessa
D:6:      layout_loops_ring, minmay_temple_entry_enclosed_plants,
          minmay_misc_feat_x, uniq_maggie
D:7:      minmay_opposing_rooms, layout_loops_cross
D:8:      layout_loops_corners, lemuel_doored_altar, dpeg_lair_monsters
D:9:      wander_river, layout_loops_ring, lightli_temple_of_fire, erik_orc_1
D:10:     layout_roguey, kennysheep_mini_moat, minmay_the_grid_2x2
          [minmay_the_grid_zigzag_pyramid, minmay_the_grid_minigrid_small,
          minmay_the_grid_stretched_grid,
          minmay_the_grid_prize_four_corners_diamond_b], uniq_sonja
D:11:     layout_cross, serial_shops, shop, kennysheep_minor_cross
D:12:     layout_basic, enter_bailey_5, serial_glass, glass_columns_a,
          glass_columns_c, glass_columns_c, glass_columns_a, glass_columns_a,
          glass_columns_a, glass_columns_a, glass_columns_a,
          minmay_strange_pillars, nicolae_sif_muna_condensation
D:15:     gammafunk_enter_depths_forms, layout_basic, serial_shops,
          bzr_entry_road, nicolae_shop_temple_entry_statues_fountains,
          shop_fountains, nicolae_shop_overgrown_old_shop, nicolae_shop_crystal,
          grunt_qazlal_clouds, minmay_misc_feat_more_columns, uniq_louise
Temple:   eino_temple_water

Skill      XL: |  1  2  3  4  5  6  7  8  9 10 11 12 |
---------------+-------------------------------------+-----
Maces & Flails | 2 3 4 5 6 7 9 |  9.7
Shields        | 3 4 5 6 8 9 |  9.8
Fighting       | 3 4 5 6 7 9 |  9.7
Armour         | 3 4 5 6 7 8 9 |  9.0
Invocations    | 1 4 |  4.1
Dodging        | |  0.4
Stealth        | |  0.5

Action                   |  1- 3 |  4- 6 |  7- 9 | 10-12 || total
-------------------------+-------+-------+-------+-------++-------
Melee: Flail             |   101 |   105 |       |    38 ||   244
       Bite              |    26 |    41 |   183 |   184 ||   434
       Whip              |       |    52 |   419 |    32 ||   503
       Morningstar       |       |       |       |   408 ||   408
Throw: Dart              |       |       |     3 |     9 ||    12
Invok: Heroism           |       |       |       |     7 ||     7
       Finesse           |       |       |       |     1 ||     1
  Use: Scroll            |       |       |     3 |    20 ||    23
 Stab: Confused          |       |       |       |     1 ||     1
Armor: Scale mail        |    55 |    69 |   111 |    60 ||   295
       Chain mail        |       |       |       |   138 ||   138
Dodge: Dodged            |    32 |    33 |    96 |   199 ||   360
Block: Kite shield       |    54 |    86 |   196 |   345 ||   681

Table legend: (Time is in decaauts)
 A = Elapsed time spent in this place.
 B = Non-inter-level travel time spent in this place.
 C = Inter-level travel time spent in this place.
 D = Time resting spent in this place.
 E = Time spent auto-exploring this place.
 F = Levels seen in this place.
 G = Mean time per level.
                   A        B        C        D        E       F      G
               +--------+--------+--------+--------+--------+-----+--------+
         Total |  12584 |  12144 |    440 |    489 |   8806 |  16 |  786.5 |
       Dungeon |  12414 |  11984 |    430 |    428 |   8756 |  13 |  954.9 |
        Temple |     26 |     16 |     10 |      0 |      3 |   1 |   26.0 |
        Bazaar |     62 |     62 |      0 |      0 |     47 |   1 |   62.0 |
        Bailey |     80 |     80 |      0 |     61 |      0 |   1 |   80.0 |
               +--------+--------+--------+--------+--------+-----+--------+

Top non-repeatable levels by time:
     D:2: 1468 daAuts
    D:10: 1452 daAuts
     D:8: 1188 daAuts
     D:7: 1128 daAuts
     D:9: 1004 daAuts
     D:5: 999 daAuts
     D:3: 976 daAuts
     D:6: 879 daAuts
     D:4: 863 daAuts
     D:1: 839 daAuts
    D:11: 818 daAuts
    D:12: 596 daAuts
    D:15: 198 daAuts
  Bailey: 80 daAuts
  Bazaar: 62 daAuts
